Map: Ruins of Seras

Players

Ashstorm

  • Race: Protoss Protoss
  • League: Diamond

Jannick - Winner!

  • Race: Terran Terran
  • League: Diamond

VOD

Have the link to the VOD?

Description

Liberator / Tank / Marine 1-Base All-In

Time

  • Played on: Nov. 23, 2015, 3:02 p.m.
  • Length: 8:46
Show
View Real Time Build Order
Export as new Build Order

Ashstorm Protoss 

Build Orders:  

Get SALT Encoding   

  12  0:02  Probe (Chrono Boost)  
  13  0:12  Probe (Chrono Boost)  
  14  0:20  Pylon  
  14  0:23  Probe (Chrono Boost)  
  15  0:38  Probe (Chrono Boost)  
  16  0:49  Probe (Chrono Boost)  
  17  0:59  Probe (Chrono Boost)  
  18  1:10  Probe (Chrono Boost)  
  19  1:17  Nexus  
  19  1:19  Pylon  
  19  1:20  Probe (Chrono Boost)  
  20  1:27  Gateway  
  20  1:32  Assimilator  
  20  1:36  Probe (Chrono Boost)  
  21  1:42  Assimilator  
  21  1:46  Probe (Chrono Boost)  
  22  1:57  Probe (Chrono Boost)  
  23  2:07  Probe (Chrono Boost)  
  24  2:14  Cybernetics Core  
  24  2:18  Probe (Chrono Boost)  
  25  2:25  Cybernetics Core  
  25  2:28  Probe (Chrono Boost)  
  26  2:30  Gateway  
  26  2:31  Probe (Chrono Boost)  
  26  2:36  Pylon  
  27  2:40  Zealot (Chrono Boost)  
  29  2:49  Pylon  
  30  2:54  Mothership Core  
  30  2:55  Probe  
  32  3:05  Probe  
  32  3:12  Forge  
  33  3:15  Probe  
  33  3:16  Probe  
  35  3:27  Probe  
  35  3:30  Adept x2 (Chrono Boost)  
  35  3:33  Probe  
  41  3:47  Probe x2  
  43  3:51  Photon Cannon x2  
  43  3:59  Probe  
  43  4:00  Probe, Protoss Ground Weapons Level 1 (Chrono Boost)  
  45  4:07  Sentry  
  45  4:08  Assimilator  
  45  4:11  Sentry, Probe  
  45  4:12  Assimilator  
  45  4:15  Probe  
  51  4:23  Pylon  
  51  4:27  Twilight Council, Probe  
  52  4:33  Probe  
  52  4:38  Gateway  
  53  4:39  Probe  
  53  4:41  Sentry  
  53  4:45  Sentry, Probe, Pylon  
  59  4:51  Probe  
  60  4:55  Warp Gate (Chrono Boost)  
  60  4:57  Probe  
  61  5:02  Photon Cannon  
  61  5:03  Probe  
  61  5:05  Photon Cannon  
  62  5:12  Stargate  
  62  5:18  Photon Cannon  
  62  5:22  Pylon  
  62  5:30  Stargate  
  62  5:40  Pylon  
  62  5:43  Zealot x2  
  66  5:53  Pylon  
  66  5:56  Gateway, Zealot  
  68  6:03  Photon Cannon  
  68  6:15  Phoenix x2 (Chrono Boost)  
  71  6:21  Gateway  
  71  6:23  Zealot  
  73  6:37  Pylon, Phoenix (Chrono Boost)  
  73  6:39  Gateway, Phoenix (Chrono Boost)  
  77  6:54  Pylon  
  77  6:59  Zealot, Pylon, Phoenix (Chrono Boost)  
  77  7:00  Pylon, Zealot  
  83  7:02  Phoenix (Chrono Boost)  
  85  7:18  Pylon  
  85  7:20  Pylon  
  87  7:23  Pylon, Zealot, Phoenix (Chrono Boost), Gateway  
  89  7:31  Pylon  
  89  7:32  Pylon  
  89  7:33  Pylon  
  87  7:45  Void Ray (Chrono Boost)  
  45  8:23  Zealot x2  
  45  8:24  Zealot  
Show
View Real Time Build Order
Export as new Build Order

Jannick Terran - Winner!

Build Orders: Liberator Opening 

Get SALT Encoding   

  12  0:01  SCV  
  13  0:13  SCV  
  14  0:18  Supply Depot  
  14  0:25  SCV  
  15  0:39  SCV  
  15  0:40  Barracks  
  16  0:51  SCV  
  16  0:54  Supply Depot  
  16  0:56  Refinery  
  17  1:03  SCV  
  18  1:07  Refinery  
  18  1:15  SCV  
  19  1:28  SCV, Marine  
  21  1:40  Orbital Command  
  21  1:45  Marine  
  22  1:51  Factory  
  22  2:03  Marine  
  22  2:06  SCV  
  24  2:17  Supply Depot  
  24  2:18  SCV  
  24  2:21  Marine  
  26  2:31  SCV  
  26  2:34  Starport  
  26  2:35  Factory Reactor  
  27  2:41  Barracks Reactor, Barracks  
  27  2:55  SCV  
  28  3:05  Liberator  
  28  3:06  Liberator  
  28  3:07  Supply Depot  
  28  3:21  Factory Tech Lab  
  34  3:35  Marine x2  
  34  3:36  Marine  
  37  3:44  Supply Depot  
  37  3:45  Siege Tank  
  40  3:54  Marine  
  40  3:55  Marine x2  
  43  4:05  SCV  
  43  4:07  Supply Depot  
  44  4:12  Marine x2  
  44  4:13  Marine  
  47  4:17  Siege Tank  
  47  4:22  Viking  
  52  4:47  Marine x3  
  52  4:50  Siege Tank  
  58  5:12  Marine x3  
  61  5:21  Bunker  
  61  5:30  Marine x2  
  63  5:36  Supply Depot  
  63  5:40  Liberator  
  63  5:57  Marine  
  63  5:58  Supply Depot, Siege Tank  
  70  6:18  Marine  
  70  6:20  Marine x2  
  73  6:30  Cyclone  
  76  6:36  Marine  
  77  7:05  Bunker  
  77  7:06  Marine x2  
  79  8:03  Marine  
Tags
 
Add a new tag
Caveats
  • Supply blocks, unpowered buildings, or Contaminate may cause inaccurate times.
  • Supply counts are checked every 10 seconds.